 Dungeon Crawl Stone Soup version 0.31-a0-1308-ga3cce3a448 (webtiles) character file.

Game seed: 16270479067308789426

235 bmb222 the Trooper (level 5, -2/42 HPs)
             Began as a Demonspawn Fighter on Dec 19, 2023.
             Was a Follower of Cheibriados.
             Succumbed to a scorpion's poison
             ... on level 4 of the Dungeon.
             The game lasted 00:02:53 (3028 turns).

bmb222 the Trooper (Demonspawn Fighter)             Turns: 3028, Time: 00:02:53

Health: -2/42      AC:  8    Str: 18 (20) XL:     5   Next: 76%
Magic:  5/5        EV:  9    Int:  9 (12) God:    Cheibriados [*.....]
Gold:   233        SH:  5    Dex: 13 (15) Spells: 4/4 levels left

rFire   . . .        a - +0 war axe
rCold   . . .        c - +0 buckler
rNeg    . . .        b - +0 scale mail
rPois   .            (no helmet)
rElec   .            (no cloak)
rCorr   .            (no gloves)
SInv    .            r - +0 pair of boots
Will    .....        (no amulet) Stlth
                     (no ring)
HPRegen 0.27/turn    (no ring)
MPRegen 0.18/turn

%: no passive effects
@: mighty, lethally poisoned (-2 -> -14), very slow
A: magic regeneration, big brain 1, demonic touch 1
a: Renounce Religion, Bend Time


You were on level 4 of the Dungeon.
You worshipped Cheibriados.
Cheibriados was aware of your devotion.
You visited 1 branch of the dungeon, and saw 4 of its levels.

You collected 233 gold pieces.

Inventory:

Hand Weapons
 a - a +0 war axe (weapon)
Armour
 b - a +0 scale mail (worn)
 c - a +0 buckler (worn)
 r - a +0 pair of boots (worn)
Jewellery
 u - an amulet of faith
 x - an amulet of reflection
Wands
 v - a wand of light (4)
 w - a wand of charming (5)
Scrolls
 g - 2 scrolls of vulnerability {unknown}
 i - a scroll of enchant armour {unknown}
 l - a scroll of brand weapon {unknown}
 m - a scroll of teleportation {unknown}
 n - a scroll of enchant weapon {unknown}
 p - 3 scrolls of immolation {unknown}
 s - 2 scrolls of poison {unknown}
 t - 2 scrolls of revelation {unknown}
 y - a scroll of blinking {unknown}
Potions
 e - a potion of mutation {unknown}
 f - a potion of invisibility {unknown}
 h - a potion of heal wounds {unknown}
 j - 3 potions of degeneration
 k - a potion of attraction {unknown}
 o - 3 potions of haste {unknown}
 q - 2 potions of curing {unknown}


   Skills:
 + Level 4.0 Fighting
 * Level 3.6 Axes
 + Level 3.6 Armour
 + Level 3.5 Shields


You had 4 spell levels left.
You didn't know any spells.
Your spell library contained the following spells:

 Spells                   Type           Power      Damage    Failure   Level
 Freeze                   Ice            0%         1d3       85%         1
 Sting                    Tmut/Pois      0%         1d3       85%         1
 Poisonous Vapours        Pois/Air       0%         N/A       94%         2
 Frozen Ramparts          Ice            0%         1d1       99%         3
 Hailstorm                Conj/Ice       0%         3d5       99%         3
 Olgreb's Toxic Radiance  Pois           0%         N/A       100%        4


Dungeon Overview and Level Annotations

Branches:
Dungeon (4/15)
 Temple: D:4-7

Altars:
Cheibriados
Hepliaklqana
Ru
Xom
Yredelemnul

Shops:
D:1 (


Innate Abilities, Weirdness & Mutations

You regenerate magic rapidly.
You have an unusually large brain. (Int +2)
Your touch may inflict minor irresistible damage on your foes.


Message History

* * * LOW HITPOINT WARNING * * *
The orc priest hits you with a +0 falchion.
* * * LOW HITPOINT WARNING * * *
Unknown command.
You hit the orc priest.
The orc priest is moderately wounded.
You hit the scorpion but do no damage. The scorpion stings you.
* * * LOW HITPOINT WARNING * * *
You are poisoned.
The scorpion poisons you! You block the orc priest's attack.
The scorpion stings you.
* * * LOW HITPOINT WARNING * * *
You feel very mighty all of a sudden.
* * * LOW HITPOINT WARNING * * *
You feel sick. The orc priest misses you.
The scorpion stings you but does no damage.
You slice the orc priest!!
You kill the orc priest!
Cheibriados appreciates the change of pace.
You completely miss the scorpion.
* * * LOW HITPOINT WARNING * * *
You feel very sick. The scorpion misses you. The scorpion stings you.
* * * LOW HITPOINT WARNING * * *
Your Fighting skill increases to level 4!
You slash the scorpion!
The scorpion is severely wounded.
* * * LOW HITPOINT WARNING * * *
You feel sick. The scorpion stings you.
* * * LOW HITPOINT WARNING * * *
You are more poisoned.
The scorpion poisons you!
Unknown command.
Unknown command.
Unknown command.
Unknown command.
It was a potion of degeneration.
There was something very wrong with that liquid.
You feel weakened.
You feel dopey.
You feel clumsy.
You die...

.##..?....'...'.)..?..#..........
.##.......#...#.......#.#........
..##.....##...##.....##.#...#..##
...##...# #...###...###....##..##
....#### #...# ##### ###..##.>..
...##...# #...###...###...#####..
..##.....##...##.....##...)#.#...
..#.......#...#.s.....##.....#..#
..#.[)..†.'...'.@).?..######....#
..#.....†.#...#.......####....###
..##.....##...##.....##......####
#.<##...##.....##...##....##.#..#
....######.####.#####....##.....#
...<.#.....###...###.....#......#
.....#.......................#.##
.......##.#................#####
.......####................#..#


You could see a scorpion.

Vanquished Creatures
  2 orc priests (D:4)
  A sleepcap (D:4)
  An iguana (D:4)
  3 adders
  3 worms
  5 dart slugs
  8 orcs
  8 ball pythons
  7 endoplasms
  2 giant cockroaches
  5 goblins
  2 hobgoblins
  5 jackals
  11 kobolds
  2 quokkas (D:1)
  2 bats (D:1)
  6 frilled lizards
  4 rats (D:2)
77 creatures vanquished.

Notes
Turn   | Place    | Note
-------+----------+-------------------------------------------
     0 | D:1      | bmb222 the Demonspawn Fighter began the quest for the Orb.
     0 | D:1      | Reached XP level 1. HP: 18/18 MP: 1/1
     8 | D:1      | Found a faded altar of an unknown god.
   178 | D:1      | Gained mutation: Your touch may inflict minor irresistible
                  | damage on your foes. [demonic ancestry]
   178 | D:1      | Reached XP level 2. HP: 24/24 MP: 2/2
   552 | D:1      | Found Mausaumu's Weapon Shop.
  1019 | D:2      | Reached XP level 3. HP: 29/29 MP: 3/3
  1066 | D:2      | Found a sacrificial altar of Ru.
  1786 | D:3      | Found a shimmering altar of Xom.
  1834 | D:3      | Found a sacrificial altar of Ru.
  1903 | D:3      | Gained mutation: You regenerate magic rapidly. [demonic
                  | ancestry]
  1903 | D:3      | Reached XP level 4. HP: 32/35 MP: 4/4
  1951 | D:3      | Found a hazy altar of Hepliaklqana.
  1996 | D:3      | Found a snail-covered altar of Cheibriados.
  2017 | D:3      | Became a worshipper of Cheibriados the Contemplative
  2747 | D:4      | Found a basalt altar of Yredelemnul.
  2757 | D:4      | Gained mutation: You have an unusually large brain. (Int
                  | +2) [demonic ancestry]
  2757 | D:4      | Reached XP level 5. HP: 29/42 MP: 5/5
  2757 | D:4      | Noticed a profane servitor
  2805 | D:4      | Noticed an angel
  2863 | D:4      | Reached * piety under Cheibriados
  3027 | D:4      | Reached skill level 4 in Fighting
  3027 | D:4      | HP: 1/42 [scorpion (2)]
  3028 | D:4      | Succumbed to a scorpion's poison

Illustrated notes

Levels and vault maps discovered:
D:1:      mushboom_english_gardens, layout_loops_ring, serial_shops,
          nicolae_shop_bloodbath_and_beyond, basic_ecumenical_altar,
          nicolae_kite_square_tiling_tiny
D:2:      layout_loops_ring, basic_altar, lexackson_kobold_supper
D:3:      layout_rooms, xom_butterflies, nicolae_ru_the_path_less_chosen,
          nicolae_hepliaklqana_hazy_memory, kennysheep_slug_shrine,
          wander_ebering_terrifying_dragon_lair
D:4:      kennysheep_six_static_rooms, layout_cave_pools,
          grunt_temple_overflow_holy_war, minmay_quantized

Skill      XL: |  1  2  3  4  5 |
---------------+----------------+-----
Axes           | 2 3 |  3.6
Armour         | 3 |  3.6
Shields        | 3 |  3.5
Fighting       | 4 |  4.0

Action                     |  1- 3 |  4- 6 || total
---------------------------+-------+-------++-------
  Melee: War axe           |   154 |    76 ||   230
    Use: Potion            |       |     2 ||     2
 Armour: Scale mail        |   108 |    52 ||   160
  Dodge: Dodged            |    72 |    32 ||   104
  Block: Buckler           |    38 |    25 ||    63

Table legend: (Time is in decaauts)
 A = Elapsed time spent in this place.
 B = Non-inter-level travel time spent in this place.
 C = Inter-level travel time spent in this place.
 D = Time resting spent in this place.
 E = Time spent auto-exploring this place.
 F = Levels seen in this place.
 G = Mean time per level.
                   A        B        C        D        E       F      G
               +--------+--------+--------+--------+--------+-----+--------+
         Total |   3327 |   3235 |     92 |    131 |   2439 |   4 |  831.8 |
       Dungeon |   3327 |   3235 |     92 |    131 |   2439 |   4 |  831.8 |
               +--------+--------+--------+--------+--------+-----+--------+

Top non-repeatable levels by time:
     D:4: 1101 daAuts
     D:2: 874 daAuts
     D:1: 832 daAuts
     D:3: 519 daAuts
